 Dungeon Crawl Stone Soup version 0.28-a0-728-g0181a31188 (webtiles) character file.

Game seed: 8613461508834349123

421 Johnny the Slasher (level 7, 0/55 HPs)
             Began as a Human Berserker on Oct 28, 2021.
             Was a Believer of Trog.
             Slain by Edmund (8 damage)
             ... on level 4 of the Dungeon.
             The game lasted 00:03:47 (5503 turns).

Johnny the Slasher (Human Berserker)                Turns: 5503, Time: 00:03:48

Health: 0/55       AC:  8    Str: 20    XL:     7   Next: 16%
Magic:  7/7        EV: 11    Int:  7    God:    Trog [**....]
Gold:   137        SH:  0    Dex: 12    Spells: 6/6 levels left

rFire   . . .      SeeInvis .   a - +0 falchion
rCold   . . .      Faith    .   (no shield)
rNeg    . . .      Spirit   .   p - +0 ring mail
rPois   .          Reflect  .   s - +0 helmet
rElec   .          Harm     .   m - +0 cloak
rCorr   .          Rampage  .   t - +0 pair of gloves
Will    ++...                   (no boots)
Stlth   +.........              (no amulet)
HPRegen 1.18/turn               k - ring of ice
MPRegen 0.10/turn               l - ring of fire

@: strong-willed (expiring), on berserk cooldown, attractive, flying,
regenerating (expiring), slowed, very slow
A: no striking features
a: Renounce Religion, Berserk, Trog's Hand


You were on level 4 of the Dungeon.
You worshipped Trog.
Trog was pleased with you.
You visited 1 branch of the dungeon, and saw 4 of its levels.

You collected 137 gold pieces.

Inventory:

Hand Weapons
 a - a +0 falchion (weapon)
Armour
 m - a +0 cloak (worn)
 p - a +0 ring mail (worn)
 s - a +0 helmet (worn)
 t - a +0 pair of gloves (worn)
Jewellery
 k - a ring of ice (left hand)
 l - a ring of fire (right hand)
Scrolls
 b - a scroll of immolation {unknown}
 e - 7 scrolls of identify {unknown}
 f - a scroll of enchant armour {unknown}
 g - a scroll of amnesia {unknown}
 j - 3 scrolls of teleportation {unknown}
 u - a scroll of fear {unknown}
Potions
 c - a potion of lignification {unknown}
 d - a potion of heal wounds {unknown}
 h - 3 potions of flight
 i - a potion of might {unknown}
 o - a potion of invisibility {unknown}
 q - a potion of brilliance {unknown}
 r - a potion of magic {unknown}
 v - a potion of ambrosia {unknown}
 w - 2 potions of mutation {unknown}


   Skills:
 + Level 4.9 Fighting
 * Level 6.4 Long Blades
 - Level 2.0 Armour
 - Level 2.0 Dodging


You had 6 spell levels left.
You didn't know any spells.
Your spell library was empty.

Dungeon Overview and Level Annotations

Branches:
Dungeon (4/15)             Temple (0/1) D:4

Altars:
Ashenzari
Fedhas

Annotations:
D:4 Edmund, Eustachio


Message History

A red film seems to cover your vision as you go berserk!
You feel yourself moving faster!
You feel mighty!
You hit Edmund.
Edmund is lightly wounded.
Edmund hits you with a +2 vorpal dire flail!
You hit Edmund.
Edmund is lightly wounded.
You hit Edmund but do no damage.
Edmund is lightly wounded.
Edmund hits you with a +2 vorpal dire flail!
You closely miss Edmund.
Edmund is lightly wounded.
Edmund hits you with a +2 vorpal dire flail!
You barely miss Edmund.
Edmund is lightly wounded.
You hit Edmund but do no damage.
Edmund is lightly wounded.
Edmund barely misses you.
Edmund says, "I might not be good at magic, but I can still kill you!"
You feel a strong urge to attack something.
You feel your anger nearly subside.
You are no longer berserk.
You are exhausted.
You feel yourself slow down.
Your skin crawls.
You feel strong-willed. Edmund closely misses you.
Edmund hits you with a +2 vorpal dire flail!
Edmund hits you with a +2 vorpal dire flail.
There is a stone staircase leading down here.
Okay, then.
It was a potion of flight.
You feel very buoyant.
You fly up into the air.
Edmund hits you with a +2 vorpal dire flail!
* * * LOW HITPOINT WARNING * * *
x2 It was a potion of attraction.
You feel attractive to monsters.
You feel the effects of Trog's Hand fading.
Edmund hits you with a +2 vorpal dire flail!
You die...

#
#........#.....#.#
#.# #####
##)#.....#.#####.#
#<#
....####†##......#
#.# #.#
......##.##..#####
#.# #.#
.##..........# #.#
#.# .#######.###.#
#.# #.# .# #.# #.#
#<# #.# .# #.#
#.#########.# #.#
.. #.#
#...@@......# #.#
## #.#
#.#####.##### #.#
#.# #.#
####.###.#####.##
................#
.###.##.######..#
# #.##.## #..#
.###.....# #..#
......##..# #..#


You could see Edmund.

Vanquished Creatures
  A phantom (D:2)
  A scorpion (D:4)
  2 hounds (D:4)
  Crazy Yiuf (D:2)
  Natasha (thrice) (D:3)
  2 adders (D:4)
  A white imp (D:3)
  An adder zombie (D:3)
  2 worms
  2 dart slugs
  3 orcs
  5 endoplasms
  5 giant cockroaches
  11 goblins
  9 hobgoblins
  4 jackals (D:2)
  6 kobolds
  5 quokkas
  6 ball pythons
  3 bats
  5 frilled lizards
  5 rats
83 creatures vanquished.

Vanquished Creatures (others)
  2 fungi (D:1)
2 creatures vanquished.

Grand Total: 85 creatures vanquished

Notes
Turn   | Place    | Note
-------+----------+-------------------------------------------
     0 | D:1      | Johnny the Human Berserker began the quest for the Orb.
     0 | D:1      | Reached XP level 1. HP: 18/18 MP: 1/1
   348 | D:1      | Reached XP level 2. HP: 17/24 MP: 2/2
   925 | D:1      | Found a faded altar of an unknown god.
  1163 | D:1      | Reached XP level 3. HP: 29/29 MP: 3/3
  1715 | D:1      | Reached skill level 4 in Long Blades
  1870 | D:1      | Reached ** piety under Trog
  2019 | D:2      | Found a runed translucent door.
  2022 | D:2      | Noticed Crazy Yiuf
  2034 | D:2      | Killed Crazy Yiuf
  2035 | D:2      | Reached XP level 4. HP: 28/37 MP: 4/4
  2492 | D:2      | Noticed a phantom
  3109 | D:3      | Reached XP level 5. HP: 35/42 MP: 5/5
  3323 | D:3      | Noticed Natasha
  3331 | D:3      | Killed Natasha
  3332 | D:3      | Reached skill level 5 in Long Blades
  3368 | D:3      | Noticed Natasha
  3379 | D:3      | Killed Natasha
  3569 | D:3      | Noticed Natasha
  3577 | D:3      | Killed Natasha
  3692 | D:3      | Reached XP level 6. HP: 29/48 MP: 6/6
  4492 | D:2      | Found a broken altar of Ashenzari.
  4741 | D:4      | Reached skill level 6 in Long Blades
  4845 | D:4      | Noticed Eustachio
  5070 | D:4      | Found a blossoming altar of Fedhas.
  5242 | D:4      | Found a staircase to the Ecumenical Temple.
  5320 | D:4      | Reached XP level 7. HP: 55/55 MP: 7/7
  5480 | D:4      | Noticed Edmund
  5503 | D:4      | Slain by Edmund

Illustrated notes

Levels and vault maps discovered:
D:1:      lemuel_arrival_broad_hall, layout_loops_corners,
          shapermc_ecumenical_altar_mp_urbaneastern
D:2:      layout_basic, basic_altar, uniq_crazy_yiuf_cottage
D:3:      kennysheep_the_goblin_king, layout_basic, corexii_corridor_pit,
          uniq_natasha
D:4:      layout_loops_ring, fedhas_altar_2, minmay_temple_entry_nine_rooms,
          uniq_eustachio, uniq_edmund

Skill      XL: |  1  2  3  4  5  6 |
---------------+-------------------+-----
Long Blades    | 4 5 6 |  6.4
Fighting       | 4 |  4.9
Armour         | |  2.0
Dodging        | |  2.0

Action                   |  1- 3 |  4- 6 |  7- 9 || total
-------------------------+-------+-------+-------++-------
Melee: Falchion          |   128 |   164 |    12 ||   304
Invok: Berserk           |     2 |     8 |     1 ||    11
       Trog's Hand       |       |     1 |     1 ||     2
  Use: Potion            |       |       |     2 ||     2
Armor: Animal skin       |    22 |    25 |       ||    47
       Ring mail         |       |    23 |     3 ||    26
Dodge: Dodged            |    81 |   115 |     5 ||   201

Table legend: (Time is in decaauts)
 A = Elapsed time spent in this place.
 B = Non-inter-level travel time spent in this place.
 C = Inter-level travel time spent in this place.
 D = Time resting spent in this place.
 E = Time spent auto-exploring this place.
 F = Levels seen in this place.
 G = Mean time per level.
                   A        B        C        D        E       F      G
               +--------+--------+--------+--------+--------+-----+--------+
         Total |   5634 |   5516 |    118 |   1015 |   3737 |   4 | 1408.5 |
       Dungeon |   5634 |   5516 |    118 |   1015 |   3737 |   4 | 1408.5 |
               +--------+--------+--------+--------+--------+-----+--------+

Top non-repeatable levels by time:
     D:1: 1993 daAuts
     D:3: 1690 daAuts
     D:2: 1248 daAuts
     D:4: 703 daAuts
